 Dungeon Crawl Stone Soup version 0.28-a0-247-gb8bfbab023 (webtiles) character file.

Game seed: 2286449638601533295

1589 robertstho the Carver (level 8, 0/73 HPs)
             Began as a Pale Draconian Berserker on Aug 25, 2021.
             Was a Priest of Trog.
             Frozen to death by an endoplasm (1 damage)
             ... on level 5 of the Dungeon.
             The game lasted 00:06:50 (4624 turns).

robertstho the Carver (Pale Draconian Berserker)    Turns: 4624, Time: 00:06:51

Health: 0/73       AC: -11   Str: 21    XL:     8   Next: 61%
Magic:  8/8        EV: 13    Int:  8    God:    Trog [***...]
Gold:   258        SH:  0    Dex: 11    Spells: 7/7 levels left

rFire   . . .      SeeInvis .   a - +0 falchion
rCold   . . .      Faith    .   (no shield)
rNeg    . . .      Spirit   .   (armour unavailable)
rPois   .          Reflect  .   (helmet restricted)
rElec   .          Harm     .   (no cloak)
rCorr   .          Rampage  .   f - +0 pair of gloves
Will    .....                   b - +1 pair of boots
Stlth   ++........              e - amulet of magic regeneration
HPRegen 0.22/turn               h - +4 ring of protection
MPRegen 0.36/turn               (no ring)

@: corroded, on berserk cooldown, attractive, slowed, very slow
A: breathe steam, AC +6, unfitting armour, cold-blooded, steam resistance
a: Breathe Steam, Renounce Religion, Berserk, Trog's Hand


You were on level 5 of the Dungeon.
You worshipped Trog.
Trog was most pleased with you.
You visited 1 branch of the dungeon, and saw 5 of its levels.

You collected 258 gold pieces.

Inventory:

Hand Weapons
 a - a +0 falchion (weapon)
 k - the +6 dagger of Amytz {drain, rElec rN+ Will- Int+5}
   (You found it on level 4 of the Dungeon)

   A truly terrible weapon, it drains the life of any living foe it strikes.
   Int:       It affects your intelligence (+5).
   rElec:     It insulates you from electricity.
   rN:        It protects you from negative energy.
   Will:      It decreases your willpower.
Armour
 b - a +1 pair of boots (worn)
 f - a +0 pair of gloves (worn)
Jewellery
 e - an amulet of magic regeneration (around neck)
 h - a +4 ring of protection (left hand)
Potions
 c - a potion of ambrosia
 d - a potion of mutation


   Skills:
 * Level 7.0 Fighting
 * Level 8.3 Long Blades
 + Level 4.9 Dodging
 + Level 2.2 Stealth


You had 7 spell levels left.
You didn't know any spells.
Your spell library was empty.

Dungeon Overview and Level Annotations

Branches:
Dungeon (5/15)
 Temple: D:4-7

Altars:
Cheibriados
Okawaru


Innate Abilities, Weirdness & Mutations

You can breathe blasts of scalding, opaque steam.
Your pale cyan-grey scales are hard. (AC +6)
You cannot fit into any form of body armour.
You are cold-blooded and may be slowed by cold attacks.
You are immune to the effects of steam.


Message History

You hit the endoplasm but do no damage.
The endoplasm is heavily wounded.
The endoplasm completely misses you.
You hit the endoplasm but do no damage.
The endoplasm is heavily wounded.
Your skin stops crawling.
You feel less strong-willed. The endoplasm freezes you.
You are frozen.
* * * LOW HITPOINT WARNING * * *
You hit the endoplasm but do no damage.
The endoplasm is heavily wounded.
The endoplasm jiggles.
The endoplasm freezes you.
You are frozen.
* * * LOW HITPOINT WARNING * * *
The endoplasm freezes you.
You are frozen.
* * * LOW HITPOINT WARNING * * *
You hit the endoplasm but do no damage.
The endoplasm is heavily wounded.
The endoplasm hits you.
* * * LOW HITPOINT WARNING * * *
You hit the endoplasm but do no damage.
The endoplasm is heavily wounded.
The endoplasm hits you.
* * * LOW HITPOINT WARNING * * *
Unknown command.
As you read the scroll of identify, it crumbles to dust.
d - a potion of mutation The endoplasm freezes you.
You are frozen.
* * * LOW HITPOINT WARNING * * *
The endoplasm freezes you.
You are frozen.
* * * LOW HITPOINT WARNING * * *
It was a potion of attraction.
You feel attractive to monsters. The endoplasm freezes you.
You are frozen.
You die...

#.# #.......>.#
#.#####...#..# #.#
###.####### #.#
#......### ..# #...#
#.# ##........ ###
#...# #.# #.###>###
#...# #.# #.###.#
###..)########.#
#<....#
#...))).....##.####
#######
##'')######J##....# .
##.))## #...@.[##.#
##. ##.....###....#.#
.#...
#)......##....#.##.#.#
#.......##.#......#..#
#.......##...##.#..#
#.......##.####.#.##
####....###...[.#.#
##..+....# #######.#
######### #.########
#.# #.......##


You could see an endoplasm.

Vanquished Creatures
  Grinder (D:4)
  2 slime creatures (D:5)
  Duvessa (D:4)
  A sky beast (D:5)
  2 ogres
  2 kobold brigands (D:5)
  A bullfrog (D:3)
  A scorpion (D:5)
  Dowan (D:4)
  3 jellies (D:5)
  An orc priest (D:5)
  A bullfrog skeleton (D:4)
  Jessica (D:2)
  2 orc wizards
  4 adders
  A white imp (D:5)
  2 ufetubi (D:5)
  A dart slug (D:1)
  13 orcs
  5 endoplasms
  4 giant cockroaches
  6 hobgoblins
  2 quokkas
  6 ball pythons
  4 bats
  3 frilled lizards
  3 goblins
  15 kobolds
  4 rats
93 creatures vanquished.

Vanquished Creatures (collateral kills)
  A kobold (D:4)
  A quokka skeleton (D:4)
2 creatures vanquished.

Vanquished Creatures (others)
  8 fungi (D:5)
  6 toadstools (D:5)
14 creatures vanquished.

Grand Total: 109 creatures vanquished

Notes
Turn   | Place    | Note
-------+----------+-------------------------------------------
     0 | D:1      | robertstho the Draconian Berserker began the quest for the
                  | Orb.
     0 | D:1      | Reached XP level 1. HP: 19/19 MP: 1/1
   336 | D:1      | Reached XP level 2. HP: 22/26 MP: 2/2
   790 | D:1      | Reached ** piety under Trog
  1014 | D:2      | Found a faded altar of an unknown god.
  1075 | D:2      | Reached XP level 3. HP: 33/33 MP: 3/3
  1078 | D:2      | Noticed Jessica
  1094 | D:2      | Killed Jessica
  1178 | D:2      | Reached XP level 4. HP: 33/40 MP: 4/4
  1763 | D:3      | Noticed a bullfrog
  1774 | D:3      | Killed a bullfrog
  1775 | D:3      | Reached skill level 4 in Long Blades
  1775 | D:3      | Reached XP level 5. HP: 39/47 MP: 5/5
  2672 | D:4      | Reached skill level 5 in Fighting
  3008 | D:4      | Noticed an ogre
  3016 | D:4      | Killed an ogre
  3017 | D:4      | Reached skill level 5 in Long Blades
  3017 | D:4      | Reached skill level 1 in Stealth
  3017 | D:4      | Reached XP level 6. HP: 56/56 MP: 6/6
  3143 | D:4      | Identified the +6 dagger of Amytz {drain, rElec rN+ Will-
                  | Int+5}
  3190 | D:4      | Noticed Grinder
  3196 | D:4      | Killed Grinder
  3197 | D:4      | Your scales start taking on a pale cyan-grey colour.
  3197 | D:4      | Reached XP level 7. HP: 61/61 MP: 7/7
  3197 | D:4      | Gained mutation: You are immune to the effects of steam.
                  | [Pale Draconian growth]
  3218 | D:4      | Noticed Dowan
  3221 | D:4      | Noticed Duvessa
  3429 | D:4      | Found a snail-covered altar of Cheibriados.
  3446 | D:4      | Reached skill level 6 in Long Blades
  3516 | D:4      | Killed Duvessa
  3524 | D:4      | Killed Dowan
  3907 | D:4      | Found an iron altar of Okawaru.
  3939 | D:5      | Entered Level 5 of the Dungeon
  4345 | D:5      | Reached *** piety under Trog
  4391 | D:5      | Noticed a slime creature
  4391 | D:5      | Noticed a slime creature
  4416 | D:5      | Killed a slime creature
  4417 | D:5      | Reached skill level 7 in Long Blades
  4417 | D:5      | Reached XP level 8. HP: 71/71 MP: 8/8
  4419 | D:5      | Killed a slime creature
  4515 | D:5      | Reached skill level 8 in Long Blades
  4623 | D:5      | HP: 3/73 [frozen (5)]
  4623 | D:5      | HP: 1/73 [frozen (2)]
  4624 | D:5      | Frozen to death by an endoplasm

Illustrated notes

Levels and vault maps discovered:
D:1:      mrwooster_arrival_statue_2, layout_rooms
D:2:      layout_basic, serial_forest, infiniplex_forest_corner_1,
          infiniplex_forest_clump_C, infiniplex_forest_clump_small,
          infiniplex_forest_lined_3, infiniplex_forest_lined_2,
          infiniplex_forest_join, infiniplex_forest_lined_3_way,
          dreamdust_ecumenical_altar_hidden_monk_grotto, minivault_11,
          uniq_jessica
D:3:      layout_loops_ring
D:4:      layout_loops_ring, mainiacjoe_overflow_swirl, uniq_duvessa,
          uniq_grinder
D:5:      cheibrodos_fertilizer, layout_loops_cross,
          chequers_ossuary_entry_cave, roderic_roman_lattice

Skill      XL: |  1  2  3  4  5  6  7  8 |
---------------+-------------------------+-----
Fighting       | 4 5 6 7 |  7.0
Dodging        | 3 4 |  4.9
Long Blades    | 4 5 7 8 |  8.3
Stealth        | 1 2 |  2.2

Action                   |  1- 3 |  4- 6 |  7- 9 || total
-------------------------+-------+-------+-------++-------
Melee: Falchion          |    82 |    91 |   125 ||   298
       Tailslap          |    12 |    15 |    19 ||    46
Invok: Berserk           |     3 |     3 |     6 ||    12
       Trog's Hand       |     1 |       |     1 ||     2
 Abil: Breathe Steam     |       |       |     1 ||     1
  Use: Scroll            |     1 |     3 |     5 ||     9
       Potion            |       |       |     3 ||     3
 Stab: Sleeping          |       |     2 |       ||     2
Armor: Skin              |    33 |    52 |    39 ||   124
Dodge: Dodged            |    66 |    48 |    79 ||   193
       Rpst.: Falchion   |    19 |    17 |    20 ||    56

Table legend: (Time is in decaauts)
 A = Elapsed time spent in this place.
 B = Non-inter-level travel time spent in this place.
 C = Inter-level travel time spent in this place.
 D = Time resting spent in this place.
 E = Time spent auto-exploring this place.
 F = Levels seen in this place.
 G = Mean time per level.
                   A        B        C        D        E       F      G
               +--------+--------+--------+--------+--------+-----+--------+
         Total |   4748 |   4638 |    110 |    536 |   3134 |   5 |  949.6 |
       Dungeon |   4748 |   4638 |    110 |    536 |   3134 |   5 |  949.6 |
               +--------+--------+--------+--------+--------+-----+--------+

Top non-repeatable levels by time:
     D:4: 1531 daAuts
     D:1: 1012 daAuts
     D:3: 744 daAuts
     D:2: 737 daAuts
     D:5: 721 daAuts
